 Dungeon Crawl Stone Soup version 0.31.0-4-g52a2dc7128 (webtiles) character file.

Game seed: 16645181098815115356

52 ProzacElf the Ducker (level 3, -2/31 HPs)
             Began as a Troll Enchanter on Jan 23, 2024.
             Slain by a gnoll
             ... wielding a +0 flail
              (8 damage)
             ... on level 2 of the Dungeon.
             The game lasted 00:02:12 (741 turns).

ProzacElf the Ducker (Troll Enchanter)               Turns: 741, Time: 00:02:13

Health: -2/31      AC:  5    Str: 16    XL:     3   Next: 60%
Magic:  4/4        EV: 10    Int: 11    God:
Gold:   31         SH:  0    Dex: 12    Spells: 5/5 levels left

rFire   . .          .
                       - Unarmed
rCold   . . .        (no shield)
rNeg    . . .        a - +0 robe
rPois   .            (helmet restricted)
rElec   .            h - +0 cloak
rCorr   .            (gloves unavailable)
SInv    .            (boots unavailable)
Will    .....        (no amulet)
Stlth   ++           (no ring)
HPRegen 1.05/turn    (no ring)
MPRegen 0.09/turn

%: no passive effects
@: invisible
A: large, unfitting armour, claws 3, regeneration 1, shaggy fur 1, tough skin 1
a: no special abilities


You were on level 2 of the Dungeon.
You visited 1 branch of the dungeon, and saw 2 of its levels.

You collected 31 gold pieces.

Inventory:

Hand Weapons
 b - a +1 dagger
Armour
 a - a +0 robe (worn)
 h - a +0 cloak (worn)
Scrolls
 f - a scroll of noise {unknown}
 i - 2 scrolls of identify {unknown}
Potions
 c - a potion of invisibility
 d - a potion of curing {unknown}
 e - 2 potions of enlightenment {unknown}
 g - a potion of brilliance {unknown}


   Skills:
 - Level 0.7 Short Blades
 + Level 2.3 Dodging
 - Level 1.5 Stealth
 + Level 1.6 Unarmed Combat
 + Level 1.7 Spellcasting
 - Level 2.0 Hexes


You had 5 spell levels left.
You didn't know any spells.
Your spell library contained the following spells:

 Spells                   Type           Power      Damage    Failure   Level
 Ensorcelled Hibernation  Hex/Ice        6%         N/A       30%         2
 Confusing Touch          Hex            5%         N/A       36%         3
 Tukima's Dance           Hex            5%         N/A       36%         3
 Dazzling Flash           Conj/Hex       6%         N/A       52%         3


Dungeon Overview and Level Annotations

Branches:
Dungeon (2/15)

Altars:
Uskayaw


Innate Abilities, Weirdness & Mutations

You are too large for most types of armour.
You have claws for hands.
Your natural rate of healing is unusually fast.
You are covered in fur. (AC +1)
You have tough skin. (AC +1)


Message History

Ye scratch tha gnoll.
Yer claw misses tha gnoll.
Tha gnoll be moderately wounded.
Tha quokka bites tha plant.
Tha plant begins ta die.
Tha gnoll hits ye wit' a +0 spear.
Ye take 5 damage, an' haf 24/31 hp.
Ye claw tha gnoll!
Tha gnoll be almost dead.
A nearby plant withars an' dies. x2; Tha quokka bites tha plant.
Tha gnoll closely misses ye.
Tha quokka bites tha plant.
Tha gnoll closely misses ye.
Ye barely miss tha gnoll.
Tha gnoll be almost dead.
Tha gnoll misses ye.
Tha rat bites ye but does nay damage.
Tha quokka bites tha plant.
Tha gnoll hits ye wit' a +0 spear.
Ye take 5 damage, an' haf 20/31 hp.
Ye claw tha gnoll!
Ye kill tha gnoll!
Tha gnoll hits ye wit' a +0 flail!
Tha rat bites ye.
Ye take 9 damage, an' haf 11/31 hp.
MASSIVE DAMAGE!!
Ye be too injured ta fight recklessly!
Ye be too injured ta fight recklessly!
A nearby plant withars an' dies.
Tha rat attacks as it pursues ye!
Tha rat bites ye but does nay damage.
Tha quokka bites somethin'.
Ye closely miss tha gnoll.
Tha gnoll hits ye wit' a +0 flail.
Tha quokka bites somethin'.
Tha rat bites ye but does nay damage.
Ye scratch tha gnoll.
Tha gnoll be lightly wounded.
Tha quokka bites somethin'.
Tha gnoll hits ye wit' a +0 flail!
* * * LOW HITPOINT WARNIN'
* * * Tha rat barely misses ye.
Ye take 9 damage, an' haf 3/31 hp.
MASSIVE DAMAGE!!
Somethin' bites tha plant.
Tha gnoll attacks as it pursues ye!
Tha gnoll closely misses ye.
Tha rat bites tha plant.
Tha plant begins ta die.
Ye fade inta invisibility!
A nearby plant withars an' dies.
Tha gnoll closely misses ye.
Tha rat bites tha plant.
Tha quokka bites tha plant. x2
Ye barely miss tha gnoll.
Tha gnoll be lightly wounded.
Tha gnoll hits ye wit' a +0 flail!
Ye die...

♣.P..♣ ♣..♣.♣.♣♣♣ .#
...♣P.♣♣♣P.♣.P.♣P♣ ♣..
♣...8..P♣...♣.♣P♣♣♣ ♣.P
..#......P..♣..♣♣.♣ ♣.♣
?.........♣P.♣P.♣.P♣.♣
_...#...♣..PP♣.♣♣.♣.P♣
!.....P..♣).♣♣♣.♣PP.♣
..#.......r♣P♣..♣.♣
P.P.....♣rPg@♣...P♣
PP♣♣.P♣♣♣.r♣PP.P.♣♣♣♣ .
.
P.P♣PP.♣♣#..P♣†♣..♣♣.§#
....♣..♣.
#..##♣.♣....## ####.#..
.....##............ #.
##...#..#########.# ..
###............#.#
#...######.###.# #...
#.# #.#


You could see a gnoll (unable to see you), 2 quokkas and a rat (unable to see
you).

Vanquished Creatures
  A gnoll (D:2)
  An adder (D:2)
  A dart slug (D:1)
  4 endoplasms
  A giant cockroach (D:1)
  2 hobgoblins (D:1)
  3 kobolds (D:1)
  2 quokkas
  2 ball pythons (D:1)
  A bat (D:1)
  3 frilled lizards (D:1)
  4 goblins (D:1)
  5 rats (D:1)
30 creatures vanquished.

Notes
Turn   | Place    | Note
-------+----------+-------------------------------------------
     0 | D:1      | ProzacElf the Troll Enchanter began the quest for the Orb.
     0 | D:1      | Reached XP level 1. HP: 16/16 MP: 1/1
   254 | D:1      | Reached XP level 2. HP: 24/24 MP: 3/3
   299 | D:1      | Reached skill level 1 in Unarmed Combat
   561 | D:1      | Reached XP level 3. HP: 31/31 MP: 4/4
   722 | D:2      | Found a hide-covered altar of Uskayaw.
   741 | D:2      | Slain by a gnoll

Illustrated notes

Levels and vault maps discovered:
D:1:      ldierk_walled_garden, layout_basic
D:2:      wad_woods_stonehenge, layout_basic, dreamdust_princess_corridor,
          amcnicky_mini_rare_corridor_liquid, uniq_sigmund

Skill      XL: |  1  2 |
---------------+-------+-----
Unarmed Combat | 1 |  1.6
Dodging        | 2 |  2.3
Short Blades   | |  0.7
Stealth        | |  1.5
Spellcasting   | |  1.7
Hexes          | |  2.0

Action                     || total
---------------------------++-------
  Melee: Unarmed           ||    73
    Use: Potion            ||     1
   Stab: Sleeping          ||     2
 Armour: Robe              ||    34
  Dodge: Dodged            ||    34

Action                     || total
---------------------------++-------
  Melee: Unarmed           ||    73
    Use: Potion            ||     1
   Stab: Sleeping          ||     2
 Armour: Robe              ||    34
  Dodge: Dodged            ||    34

Levels and vault maps discovered:
D:1:      ldierk_walled_garden, layout_basic
D:2:      wad_woods_stonehenge, layout_basic, dreamdust_princess_corridor,
          amcnicky_mini_rare_corridor_liquid, uniq_sigmund
